 Dungeon Crawl Stone Soup version 0.22.1-2-g9c5b331 (webtiles) character file.

26190 havocjr2 the Blocker (level 13, 0/103 HPs)
             Began as a Gnoll Fighter on Dec 15, 2018.
             Was an Elder of Vehumet.
             Slain by a harpy (12 damage)
             ... summoned by Kirke
             ... on level 13 of the Dungeon on Dec 19, 2018.
             The game lasted 02:38:20 (16844 turns).

havocjr2 the Blocker (Gnoll Fighter)               Turns: 16844, Time: 02:38:21

Health: 0/103      AC:  0    Str: 20    XL:     13   Next: 24%
Magic:  25/25      EV: 20    Int: 13    God:    Vehumet [****..]
Gold:   706        SH:  3    Dex: 16    Spells: 15/28 levels left

rFire    . . .     SeeInvis .     - Unarmed
rCold    . . .     Gourm    .   (shield currently unavailable)
rNeg     . . .     Faith    .   (armour currently unavailable)
rPois    .         Spirit   .   (helmet currently unavailable)
rElec    .         Reflect  +   (cloak currently unavailable)
rCorr    .         Harm     .   (gloves currently unavailable)
MR       .....                  (boots currently unavailable)
Stlth    ++++......             z - +3 amulet of reflection
HPRegen  0.27/turn              (ring currently unavailable)
MPRegen  0.19/turn              (ring currently unavailable)

@: about to teleport, pig-form, slowed
A: small, distributed training, strong nose
a: Renounce Religion


You were on level 13 of the Dungeon.
You worshipped Vehumet.
Vehumet was greatly pleased with you.
You were near starving.
You were a filthy swine.
You visited 1 branch of the dungeon, and saw 14 of its levels.

You collected 736 gold pieces.
You spent 30 gold pieces at shops.

Inventory:

Hand Weapons
 p - a cursed +0 arbalest
 u - a +1 long sword of freezing
 A - a +0 hand crossbow
 B - a +0 rapier of flaming (melded)
 C - a +4 long sword
 M - a +1 scimitar of freezing
 Q - a cursed -3 blowgun
Missiles
 h - 21 curare-tipped needles
 i - 316 stones
 m - 22 poisoned needles
 t - 4 needles of sleeping
 P - 44 bolts
 R - 6 tomahawks (quivered)
Armour
 c - a +0 shield (melded)
 g - a +1 helmet (melded)
 n - a scarf of cloud immunity (melded)
 E - a +2 pair of boots (melded)
 G - a +0 pair of gloves (melded)
 N - a +2 ring mail of poison resistance
 S - the +2 ring mail "Sohim" (melded) {Int+3 Stlth+}
   (You found it on level 10 of the Dungeon)

   It affects your intelligence (+3).
   It makes you more stealthy.
Magical Staves
 x - an uncursed staff of poison
Jewellery
 s - a +4 ring of dexterity (melded)
 z - a +3 amulet of reflection (around neck)
 F - a +4 amulet of reflection
Wands
 a - a wand of polymorph (16)
 v - a wand of flame (31)
 w - a wand of scattershot (5)
 y - a wand of iceblast (9)
Scrolls
 k - 2 scrolls of remove curse
 l - 2 scrolls of teleportation
 o - 5 scrolls of identify
 q - 2 scrolls of magic mapping
 O - a scroll of enchant armour
Potions
 b - a potion of lignification {unknown}
 d - a potion of might
 e - a potion of brilliance
 j - a potion of ambrosia {unknown}
 r - 2 potions of mutation {unknown}
 D - 2 potions of invisibility
 L - a potion of berserk rage
Comestibles
 f - 18 rations


   Skills:
 + Level 10.3 Fighting
 + Level 8.0 Short Blades
 + Level 9.2 Long Blades
 + Level 8.0 Axes
 + Level 8.0 Maces & Flails
 + Level 8.0 Polearms
 + Level 8.0 Staves
 + Level 8.0 Slings
 + Level 8.0 Bows
 + Level 8.0 Crossbows
 + Level 8.0 Throwing
 + Level 10.3 Armour
 + Level 8.0 Dodging
 + Level 8.0 Stealth
 + Level 10.3 Shields
 + Level 8.0 Unarmed Combat
 + Level 8.0 Spellcasting
 + Level 6.6 Conjurations
 + Level 6.6 Hexes
 + Level 6.6 Charms
 + Level 6.6 Summonings
 + Level 6.6 Necromancy
 + Level 6.6 Translocations
 + Level 6.6 Transmutations
 + Level 6.6 Fire Magic
 + Level 6.6 Ice Magic
 + Level 6.6 Air Magic
 + Level 6.6 Earth Magic
 + Level 6.6 Poison Magic
 + Level 8.7 Invocations
 + Level 8.0 Evocations


You had 15 spell levels left.
You knew the following spells:

 Your Spells              Type           Power        Failure   Level  Hunger
a - Summon Butterflies    Summ           ###.....     1%          1    None
b - Freeze                Ice            ###.         1%          1    None
c - Blink                 Tloc           N/A          1%          2    None
d - Mephitic Cloud        Conj/Pois/Air  ###.....     1%          3    ##.....
e - Call Imp              Summ           ###.....     1%          2    None
f - Apportation           Tloc           ###...       1%          1    None
g - Stone Arrow           Conj/Erth      ###...       1%          3    ##.....

Your spell library contained the following spells:

 Spells                   Type           Power        Failure   Level  Hunger
 Ignite Poison            Fire/Tmut/Pois ###.....     1%          3    ##.....
 Animate Skeleton         Necr           N/A          1%          1    None
 Confusing Touch          Hex            ###...       1%          1    None
 Magic Dart               Conj           ###.         1%          1    None
 Summon Small Mammal      Summ           ###.         1%          1    None
 Slow                     Hex            ###.....     1%          2    None
 Conjure Flame            Conj/Fire      ###.....     1%          3    ##.....


Dungeon Overview and Level Annotations

Branches:
Dungeon (14/15)            Temple (0/1) D:7            Lair (0/6) D:11
    Orc (0/2) D:11         Vaults (0/5) D:13

Altars:
Ashenzari
Fedhas
Kikubaaqudgha
Makhleb
Okawaru
Ru
Sif Muna
Trog
Vehumet
Wu Jian
Xom

Shops:
D:7 [   D:8 *?   D:11 [   D:12 !

Annotations:
D:13 Kirke


Innate Abilities, Weirdness & Mutations

Your experience applies equally to all skills.
((You have very sharp teeth.))
Your uncanny sense of smell can sniff out nearby items.


Message History

The harpy claws you. The harpy closely misses you. The harpy claws you!
The harpy closely misses you. The harpy barely misses you. The harpy claws you!
The harpy screeches!
The harpy claws you!
* * * LOW HITPOINT WARNING * * *
The harpy misses you.
As you read the scroll of teleportation, it crumbles to dust.
You feel strangely unstable.
The harpy screeches!
The harpy claws you.
* * * LOW HITPOINT WARNING * * *
The harpy claws you!
* * * LOW HITPOINT WARNING * * *
The harpy barely misses you. The harpy completely misses you.
The harpy closely misses you. x2
Kirke points at you and mumbles some strange words.
You feel as though you will be slow longer.
You barely miss the harpy. The harpy claws you!
You die...

###### ##########################
.....# #............H@...........
##...# #..#####.@####..####......
#...# #..# #H.# #..# #......
#...# #>.# #..# #..# #......
#...# #..# #..# #..# #......
#...# #..# #..# #..# #......
#...# #..# #.h# #..# #....[.
#...# #..# #HH# #..# #...[..
#...# #..# #..# #..# #......
#...# #..# #..# #..# #......
##...# #..#####..# #..####).....
#....# #.........####............
#....# #.(........@..............
#....###.........................
#...(............................


You could see Kirke and 3 harpies.

Vanquished Creatures
  Snorg (D:13)
  Josephine (D:11)
  Harold (D:7)
  Erolcha (D:10)
  3 two-headed ogres
  A death knight (D:11)
  Sonja (D:13)
  A skeletal warrior (D:11)
  A phantasmal warrior (D:11)
  An orc knight (D:14)
  4 ugly things
  A gargoyle (D:13)
  A kobold demonologist (D:10)
  A yaktaur (D:13)
  2 hornets
  3 trolls
  3 slime creatures (D:12)
  Prince Ribbit (D:7)
  2 hippogriffs
  Grinder (D:6)
  A spriggan (D:7)
  A vampire (D:12)
  8 yaks
  6 wraiths
  3 hungry ghosts
  Menkaure (D:7)
  A soldier ant (D:11)
  A black bear (D:12)
  5 ice beasts
  4 sky beasts
  9 orc warriors
  2 necrophages
  2 phantoms
  4 ogres
  8 centaurs
  22 big kobolds
  5 bullfrogs
  A gnoll sergeant (D:12)
  3 wyvern skeletons
  3 scorpions
  A water moccasin skeleton (D:7)
  13 wights
  7 killer bees
  An electric eel (D:8)
  5 howler monkeys
  5 crimson imps
  A centaur zombie (D:5)
  3 jellies
  A quasit (D:12)
  10 orc priests
  6 hounds
  3 centaur skeletons
  A bullfrog skeleton (D:6)
  2 bullfrog zombies
  3 iguanas
  10 orc wizards
  15 worker ants
  A killer bee zombie (D:3)
  A hound skeleton (D:8)
  2 hound zombies
  A worker ant zombie (D:8)
  2 howler monkey skeletons
  4 gnolls
  13 adders
  A shadow imp (D:5)
  4 oozes
  A worm (D:3)
  2 dart slugs (D:2)
  7 leopard geckos
  67 orcs
  6 giant cockroaches
  5 goblins
  7 hobgoblins
  14 jackals
  12 kobolds
  7 quokkas
  2 ball pythons
  8 bats
  3 frilled lizards
  A jackal skeleton (D:9)
  A leopard gecko zombie (D:6)
  4 rats
384 creatures vanquished.

Vanquished Creatures (collateral kills)
  A centaur (D:13)
1 creature vanquished.

Vanquished Creatures (others)
  Nessos (D:13)
  A yaktaur captain (D:13)
  A centaur warrior (D:13)
  Joseph (D:10)
  A yaktaur (D:13)
  An orc warrior (D:6)
  2 centaurs
  A kobold (D:10)
9 creatures vanquished.

Grand Total: 394 creatures vanquished

Notes
Turn   | Place    | Note
-------+----------+-------------------------------------------
     0 | D:1      | havocjr2 the Gnoll Fighter began the quest for the Orb.
     0 | D:1      | Reached XP level 1. HP: 23/23 MP: 1/1
   653 | D:2      | Reached XP level 2. HP: 29/29 MP: 2/2
   772 | D:2      | Reached XP level 3. HP: 35/35 MP: 3/3
   902 | D:2      | Reached skill level 1 in Invocations
  1023 | D:2      | Found a burning altar of Makhleb.
  1025 | D:2      | Noticed a cacodemon
  1029 | D:2      | Noticed a hellwing
  1029 | D:2      | Noticed a hellwing
  1237 | D:3      | Reached skill level 1 in Short Blades
  1237 | D:3      | Reached skill level 1 in Axes
  1237 | D:3      | Reached skill level 1 in Maces & Flails
  1237 | D:3      | Reached skill level 1 in Polearms
  1237 | D:3      | Reached skill level 1 in Staves
  1237 | D:3      | Reached skill level 1 in Slings
  1237 | D:3      | Reached skill level 1 in Bows
  1237 | D:3      | Reached skill level 1 in Crossbows
  1237 | D:3      | Reached skill level 1 in Throwing
  1237 | D:3      | Reached skill level 1 in Dodging
  1237 | D:3      | Reached skill level 1 in Stealth
  1237 | D:3      | Reached skill level 1 in Unarmed Combat
  1237 | D:3      | Reached skill level 1 in Spellcasting
  1237 | D:3      | Reached skill level 1 in Evocations
  1237 | D:3      | Reached XP level 4. HP: 21/41 MP: 5/5
  1665 | D:3      | Reached skill level 1 in Conjurations
  1665 | D:3      | Reached skill level 1 in Hexes
  1665 | D:3      | Reached skill level 1 in Charms
  1665 | D:3      | Reached skill level 1 in Summonings
  1665 | D:3      | Reached skill level 1 in Necromancy
  1665 | D:3      | Reached skill level 1 in Translocations
  1665 | D:3      | Reached skill level 1 in Transmutations
  1665 | D:3      | Reached skill level 1 in Fire Magic
  1665 | D:3      | Reached skill level 1 in Ice Magic
  1665 | D:3      | Reached skill level 1 in Air Magic
  1665 | D:3      | Reached skill level 1 in Earth Magic
  1665 | D:3      | Reached skill level 1 in Poison Magic
  1680 | D:3      | Reached XP level 5. HP: 30/47 MP: 6/6
  2554 | D:4      | Found a shimmering altar of Xom.
  2592 | D:4      | Reached XP level 6. HP: 47/53 MP: 8/8
  2968 | D:4      | Reached skill level 5 in Long Blades
  3189 | D:5      | Entered Level 5 of the Dungeon
  3882 | D:5      | Found a shattered altar of Ashenzari.
  3883 | D:5      | Found a blossoming altar of Fedhas.
  3889 | D:5      | Reached XP level 7. HP: 54/59 MP: 10/10
  3924 | D:5      | Found an iron altar of Okawaru.
  4267 | D:6      | Found a sacrificial altar of Ru.
  4842 | D:6      | Reached XP level 8. HP: 66/66 MP: 12/12
  5009 | D:6      | Noticed Grinder
  5024 | D:6      | Paralysed by Grinder for 4 turns
  5035 | D:6      | Killed Grinder
  5716 | D:7      | Noticed a spriggan baker
  5746 | D:7      | Killed a spriggan baker
  5746 | D:7      | Reached XP level 9. HP: 58/71 MP: 14/14
  5908 | D:7      | Noticed Menkaure
  5915 | D:7      | Killed Menkaure
  5936 | D:7      | Found Mottarozue's Antique Armour Boutique.
  5942 | D:7      | Noticed Prince Ribbit
  5955 | D:7      | Killed Prince Ribbit
  5995 | D:7      | Found a radiant altar of Vehumet.
  6009 | D:7      | Became a worshipper of Vehumet
  6012 | D:7      | Found an ancient bone altar of Kikubaaqudgha.
  6013 | D:7      | Found a deep blue altar of Sif Muna.
  6016 | D:7      | Identified Sif Muna's Tome of Companions
  6051 | D:7      | Learned a level 1 spell: Summon Butterflies
  6097 | D:7      | Noticed a hornet
  6114 | D:7      | Killed a hornet
  6640 | D:7      | Noticed Harold
  6682 | D:7      | Killed Harold
  6682 | D:7      | Reached skill level 5 in Invocations
  6682 | D:7      | Reached XP level 10. HP: 25/80 MP: 15/17
  7126 | D:7      | Found a staircase to the Ecumenical Temple.
  7454 | D:8      | Found Tacenak's Magic Scroll Boutique.
  7457 | D:8      | Bought a scroll of remove curse for 30 gold pieces
  7704 | D:8      | Found a bloodstained altar of Trog.
  7745 | D:8      | Found Hebum's General Store.
  7777 | D:8      | Reached skill level 5 in Short Blades
  7777 | D:8      | Reached skill level 5 in Axes
  7777 | D:8      | Reached skill level 5 in Maces & Flails
  7777 | D:8      | Reached skill level 5 in Polearms
  7777 | D:8      | Reached skill level 5 in Staves
  7777 | D:8      | Reached skill level 5 in Slings
  7777 | D:8      | Reached skill level 5 in Bows
  7777 | D:8      | Reached skill level 5 in Crossbows
  7777 | D:8      | Reached skill level 5 in Throwing
  7777 | D:8      | Reached skill level 5 in Dodging
  7777 | D:8      | Reached skill level 5 in Stealth
  7777 | D:8      | Reached skill level 5 in Unarmed Combat
  7777 | D:8      | Reached skill level 5 in Spellcasting
  7777 | D:8      | Reached skill level 5 in Evocations
  8840 | D:9      | Reached * piety under Vehumet
  8840 | D:9      | Offered knowledge of Freeze by Vehumet.
  8843 | D:9      | Learned a level 1 spell: Freeze
  9019 | D:9      | Noticed a two-headed ogre
  9032 | D:9      | Killed a two-headed ogre
  9368 | D:10     | Entered Level 10 of the Dungeon
  9411 | D:10     | Noticed Joseph
  9425 | D:10     | Killed Joseph
  9481 | D:10     | Got a bloodstained leather armour
  9548 | D:10     | Noticed a two-headed ogre
  9911 | D:10     | Reached XP level 11. HP: 76/87 MP: 19/19
 10283 | D:10     | Learned a level 2 spell: Blink
 10400 | D:10     | Killed a two-headed ogre
 10400 | D:10     | Reached skill level 5 in Conjurations
 10400 | D:10     | Reached skill level 5 in Hexes
 10400 | D:10     | Reached skill level 5 in Charms
 10400 | D:10     | Reached skill level 5 in Summonings
 10400 | D:10     | Reached skill level 5 in Necromancy
 10400 | D:10     | Reached skill level 5 in Translocations
 10400 | D:10     | Reached skill level 5 in Transmutations
 10400 | D:10     | Reached skill level 5 in Fire Magic
 10400 | D:10     | Reached skill level 5 in Ice Magic
 10400 | D:10     | Reached skill level 5 in Air Magic
 10400 | D:10     | Reached skill level 5 in Earth Magic
 10400 | D:10     | Reached skill level 5 in Poison Magic
 10633 | D:10     | Reached ** piety under Vehumet
 10640 | D:10     | Noticed Erolcha
 10651 | D:10     | Killed Erolcha
 10651 | D:10     | Offered knowledge of Throw Frost by Vehumet.
 11103 | D:10     | Noticed a sixfirhy
 11242 | D:10     | Offered knowledge of Static Discharge by Vehumet.
 11440 | D:10     | Reached *** piety under Vehumet
 11589 | D:10     | Got an encrusted ring mail
 11791 | D:10     | Learned a level 3 spell: Mephitic Cloud
 11794 | D:10     | Learned a level 2 spell: Call Imp
 11816 | D:11     | Found a staircase to the Orcish Mines.
 11877 | D:11     | Noticed a skeletal warrior
 11906 | D:11     | Noticed a phantasmal warrior
 11924 | D:11     | Killed a phantasmal warrior
 11929 | D:11     | Killed a skeletal warrior
 12197 | D:11     | Reached XP level 12. HP: 96/96 MP: 22/22
 12201 | D:11     | Noticed a death knight
 12455 | D:11     | Learned a level 1 spell: Apportation
 12462 | D:11     | Offered knowledge of Stone Arrow by Vehumet.
 12471 | D:11     | Learned a level 3 spell: Stone Arrow
 12555 | D:11     | Killed a death knight
 12568 | D:11     | Found a staircase to the Lair.
 12874 | D:11     | Noticed a two-headed ogre
 12894 | D:11     | Killed a two-headed ogre
 13484 | D:11     | Found Happ's Armour Emporium.
 13502 | D:11     | Identified the +2 ring mail "Sohim" {Int+3 Stlth+} (You
                  | found it on level 10 of the Dungeon)
 13522 | D:11     | Noticed Josephine
 13552 | D:11     | Killed Josephine
 13819 | D:12     | Found Yrood's Distillery.
 14623 | D:12     | Reached **** piety under Vehumet
 14775 | D:12     | Found an ornate altar of the Wu Jian Council.
 15370 | D:13     | Noticed a centaur warrior
 15372 | D:13     | Killed a centaur warrior
 15431 | D:13     | Reached skill level 10 in Fighting
 15431 | D:13     | Reached skill level 10 in Armour
 15431 | D:13     | Reached skill level 10 in Shields
 15472 | D:13     | Noticed Nessos
 15485 | D:13     | Killed Nessos
 15633 | D:13     | Noticed Snorg
 15653 | D:13     | Killed Snorg
 15673 | D:13     | Reached XP level 13. HP: 95/103 MP: 24/24
 16004 | D:13     | Found a gate to the Vaults.
 16014 | D:13     | Noticed a yaktaur captain
 16039 | D:13     | Offered knowledge of Ignite Poison by Vehumet.
 16060 | D:13     | Killed a yaktaur captain
 16146 | D:13     | Noticed Sonja
 16178 | D:13     | Killed Sonja
 16709 | D:14     | Noticed Kirke
 16844 | D:13     | Slain by a harpy

Skill      XL: |  1  2  3  4  5  6  7  8  9 10 11 12 13 |
---------------+----------------------------------------+-----
Invocations    | 1 2 3 4 5 6 7 8 |  8.7
Short Blades   | 1 2 3 4 5 6 7 8 |  8.0
Axes           | 1 2 3 4 5 6 7 8 |  8.0
Maces & Flails | 1 2 3 4 5 6 7 8 |  8.0
Polearms       | 1 2 3 4 5 6 7 8 |  8.0
Staves         | 1 2 3 4 5 6 7 8 |  8.0
Slings         | 1 2 3 4 5 6 7 8 |  8.0
Bows           | 1 2 3 4 5 6 7 8 |  8.0
Crossbows      | 1 2 3 4 5 6 7 8 |  8.0
Throwing       | 1 2 3 4 5 6 7 8 |  8.0
Dodging        | 1 2 3 4 5 6 7 8 |  8.0
Stealth        | 1 2 3 4 5 6 7 8 |  8.0
Unarmed Combat | 1 2 3 4 5 6 7 8 |  8.0
Spellcasting   | 1 2 3 4 5 6 7 8 |  8.0
Evocations     | 1 2 3 4 5 6 7 8 |  8.0
Conjurations   | 1 2 3 4 5 6 |  6.6
Hexes          | 1 2 3 4 5 6 |  6.6
Charms         | 1 2 3 4 5 6 |  6.6
Summonings     | 1 2 3 4 5 6 |  6.6
Necromancy     | 1 2 3 4 5 6 |  6.6
Translocations | 1 2 3 4 5 6 |  6.6
Transmutations | 1 2 3 4 5 6 |  6.6
Fire Magic     | 1 2 3 4 5 6 |  6.6
Ice Magic      | 1 2 3 4 5 6 |  6.6
Air Magic      | 1 2 3 4 5 6 |  6.6
Earth Magic    | 1 2 3 4 5 6 |  6.6
Poison Magic   | 1 2 3 4 5 6 |  6.6
Long Blades    | 5 6 7 8 9 |  9.2
Fighting       | 7 8 9 10 | 10.3
Armour         | 7 8 9 10 | 10.3
Shields        | 7 8 9 10 | 10.3

Action                   |  1- 3 |  4- 6 |  7- 9 | 10-12 | 13-15 || total
-------------------------+-------+-------+-------+-------+-------++-------
Melee: Long sword        |    92 |   125 |   260 |   397 |    27 ||   901
       Bite              |    10 |    27 |    47 |   204 |    11 ||   299
       Mace              |       |    40 |    32 |       |       ||    72
       Staff             |       |       |       |   323 |     2 ||   325
       Rapier            |       |       |       |   255 |    13 ||   268
       Scimitar          |       |       |       |    58 |     9 ||    67
       Unarmed           |       |       |       |       |     1 ||     1
 Fire: Hand crossbow     |       |       |       |   105 |    44 ||   149
Throw: Stone             |    25 |    78 |    37 |    72 |    17 ||   229
       Tomahawk          |       |       |    58 |   175 |    14 ||   247
 Cast: Mephitic Cloud    |       |       |       |    19 |    15 ||    34
       Call Imp          |       |       |       |       |    13 ||    13
       Blink             |       |       |       |       |     1 ||     1
       Summon Butterflie |       |       |       |       |     1 ||     1
Evoke: Wand              |       |       |       |     2 |       ||     2
  Use: Scroll            |       |     1 |       |    18 |     3 ||    22
       Potion            |       |       |     3 |     6 |       ||     9
 Stab: Sleeping          |       |       |       |     4 |       ||     4
       Confused          |       |       |       |     1 |     5 ||     6
       Distracted        |       |       |       |     1 |     1 ||     2
  Eat: Chunk             |     1 |     6 |     9 |    18 |     2 ||    36
       Ration            |       |     1 |       |     4 |     1 ||     6
Armor: Scale mail        |    52 |    49 |    62 |    19 |       ||   182
       Plate armour      |       |       |       |    37 |       ||    37
       Ring mail         |       |       |       |   143 |    18 ||   161
Dodge: Dodged            |    22 |    49 |    65 |   291 |    35 ||   462
Block: Shield            |    71 |    90 |   150 |   650 |    48 ||  1009
       Reflection        |       |       |     3 |    40 |    14 ||    57
       Rpst.: Long sword |    10 |    11 |     8 |    34 |       ||    63
       Scimitar          |       |       |       |     7 |     2 ||     9
